 Dungeon Crawl Stone Soup version 0.18-a0-1426-g3b9a63c (webtiles) character file.

576 namelastname112 the Chopper (level 7, 59/59 HPs)
             Began as a Mottled Draconian Wanderer on Feb 27, 2016.
             Was a Believer of Okawaru.
             Quit the game on level 5 of the Dungeon.
             The game lasted 00:05:20 (3101 turns).

namelastname112 the Chopper (DrWn)                  Turns: 3101, Time: 00:05:20

Health: 59/59      AC:  8    Str: 14    XL:     7   Next: 12%
Magic:  7/7        EV: 14    Int:  8    God:    Okawaru [**....]
Gold:   286        SH:  0    Dex: 14    Spells: 0 memorised, 6 levels left

rFire  . . .     SeeInvis .     a - +2 hand axe
rCold  . . .     Gourm    .     (armour unavailable)
rNeg   . . .     Faith    .     (no shield)
rPois  .         Spirit   .     (helmet restricted)
rElec  .         Dismiss  .     (no cloak)
rCorr  .         Reflect  .     (no gloves)
SustAt .         Harm     .     r - +1 pair of boots
MR     .....                    (no amulet)
Stlth  +.........               i - -3 ring of intelligence (curse)
                                n - ring of wizardry

@: not resistant to hostile enchantments, very unstealthy
A: breathe sticky flame splash, unfitting armour, cold-blooded, AC +6
a: Breathe Sticky Flame, Heroism, Renounce Religion


You were on level 5 of the Dungeon.
You worshipped Okawaru.
Okawaru was pleased with you.
You were hungry.

You visited 1 branch of the dungeon, and saw 5 of its levels.

You collected 286 gold pieces.

Inventory:

Hand Weapons
 a - a +2 hand axe (weapon)
Armour
 r - a +1 pair of boots (worn)
Jewellery
 i - a cursed -3 ring of intelligence (right hand)
 n - a ring of wizardry (left hand)
Wands
 o - a wand of iceblast (0/15)
Scrolls
 b - 3 scrolls of remove curse {unknown}
 c - 2 scrolls of teleportation
 f - 2 scrolls of immolation {unknown}
 g - 4 scrolls of magic mapping
 j - 4 scrolls of random uselessness {unknown}
 m - a scroll of fear {unknown}
 s - 2 scrolls of fog {unknown}
 v - a scroll of amnesia {unknown}
 x - 2 scrolls of enchant weapon {unknown}
 y - a scroll of identify
 z - a scroll of enchant armour {unknown}
Potions
 e - a potion of brilliance
 h - a potion of agility
 p - 4 potions of curing
 q - a potion of haste
 t - a potion of invisibility
 u - a potion of resistance
 w - 3 potions of flight
 B - a potion of might {unknown}
Comestibles
 d - 3 bread rations
 k - 3 meat rations
 l - a beef jerky


   Skills:
 + Level 4.1 Fighting
 * Level 5.9 Axes
   Level 2.0 Staves
 + Level 4.1 Dodging
   Level 2.0 Shields


You had 6 spell levels left.
You didn't know any spells.

Dungeon Overview and Level Annotations

Branches:
Dungeon (5/15)
 Temple: D:4-7

Altars:
Ashenzari
Dithmenos
Elyvilon
Fedhas
Nemelex Xobeh
Okawaru
Pakellas
Vehumet
Xom
The Shining One

Annotations:
D:4 attackplan's ghost, amateur HOGl


Innate Abilities, Weirdness & Mutations

You can spit globs of burning liquid.
You can ignite nearby creatures when you spit burning liquid.
Your weird mottled scales are hard (AC +6).
Your body does not fit into most forms of armour.
You are cold-blooded and may be slowed by cold attacks.


Message History

No target in view!
No target in view!
No target in view!
No target in view!
No target in view!
You see here a scorpion corpse.
Found a stone staircase leading down.
Found a mace.
You see here a mace.
Key pressed, stopping explore.
Key pressed, stopping explore.
Found a stone staircase leading up.
You now have 286 gold pieces (gained 11).
Key pressed, stopping explore.
You see here a mace.
All of the chunks of flesh in your inventory have rotted away.
There is an open door here.
There is an open door here.
You are feeling hungry.
Are you sure you want to abandon this character and quit the game? (Confirm with "yes".)

.#'####.###### #......#
.#.# #......# ####......#
##.# #......##
#.......(.# ...#
#.......##+####.....(>..#
####
#.......#..........##'#.#
#.......#..........##.#.#
#......##.....)....##.#.#
#......##..........##.#.#
####.####.@......####.#.#
#..# ##'####### #.#.#
###'####.# #.#.#
#.....##.# #.#.#
#.....##'### ####.#.#
#..........# #....#.#
#..........# ##......#
#..........# #.......#
#......[...# #.....#.#


There were no monsters in sight!

Vanquished Creatures
  The ghost of Tux the Skirmisher, an amateur GrBe of Trog (D:3)
  A scorpion (D:5)
  2 giant frog zombies (D:5)
  3 hounds
  Jessica (D:3)
  A centaur skeleton (D:5)
  An iguana (D:4)
  A worker ant zombie (D:5)
  10 adders
  2 worms
  2 dart slugs (D:1)
  3 giant geckos
  2 orcs
  3 ball pythons
  4 bats
  3 giant cockroaches (D:1)
  7 goblins
  7 hobgoblins
  6 jackals
  7 kobolds
  A quokka (D:2)
  4 giant newts
  6 rats
78 creatures vanquished.

Notes
Turn   | Place    | Note
--------------------------------------------------------------
     0 | D:1      | namelastname112 the Draconian Wanderer began the quest for the Orb.
     0 | D:1      | namelastname112 set off with: a +2 hand axe, a +0 quarterstaff, a scroll of teleportation, a bread ration
     0 | D:1      | Reached XP level 1. HP: 16/16 MP: 1/1
    40 | D:1      | Reached XP level 2. HP: 14/23 MP: 2/2
   817 | D:1      | Reached XP level 3. HP: 22/29 MP: 3/3
  1029 | D:2      | Reached skill level 3 in Axes
  1085 | D:2      | Found a shimmering altar of Xom.
  1299 | D:2      | Found an iron altar of Okawaru.
  1302 | D:2      | Found a glowing golden altar of the Shining One.
  1340 | D:2      | Reached XP level 4. HP: 37/37 MP: 4/4
  1381 | D:2      | Found a shattered altar of Ashenzari.
  1602 | D:2      | Found a blossoming altar of Fedhas.
  1607 | D:2      | Became a worshipper of Warmaster Okawaru
  1610 | D:2      | Found an oddly glowing altar of Pakellas.
  1610 | D:2      | Found a sparkling altar of Nemelex Xobeh.
  1610 | D:2      | Found a white marble altar of Elyvilon.
  1610 | D:2      | Found a radiant altar of Vehumet.
  1623 | D:2      | Found a shadowy altar of Dithmenos.
  1647 | D:3      | Noticed Tux's ghost (amateur GrBe)
  1680 | D:3      | Killed Tux's ghost
  1680 | D:3      | Reached * piety under Okawaru
  1680 | D:3      | Reached skill level 4 in Axes
  1680 | D:3      | Reached XP level 5. HP: 5/45 MP: 5/5
  2002 | D:3      | Noticed Jessica
  2011 | D:3      | Killed Jessica
  2322 | D:4      | Noticed attackplan's ghost (amateur HOGl)
  2341 | D:4      | Reached XP level 6. HP: 51/51 MP: 6/6
  2554 | D:4      | Reached skill level 5 in Axes
  2744 | D:5      | Entered Level 5 of the Dungeon
  2958 | D:5      | Got a polished dagger
  2959 | D:5      | Identified the +5 dagger of Qesmoom {pierce, rN++ Int-5 Dex-2 Stlth+} (You found it on level 5 of the Dungeon)
  2995 | D:5      | Reached ** piety under Okawaru
  2995 | D:5      | Your scales start taking on a weird mottled colour.
  2995 | D:5      | Reached XP level 7. HP: 51/59 MP: 7/7
  3101 | D:5      | Quit the game

Vault maps used:
D:1:      evilmike_arrival_run_for_it, kennysheep_doodads,
          hangedman_decor_growths
D:2:      old_standard_altar, nicolae_ashenzari_panopticon, minitemple
D:3:      uniq_jessica
D:4:      first_bread

Skill      XL: |  1  2  3  4  5  6 |
---------------+-------------------+-----
Fighting       | 2 3 4 |  4.1
Dodging        | 3 4 |  4.1
Axes           | 3 4 5 |  5.9
Staves         | |  2.0
Shields        | |  2.0

Action                   |  1- 3 |  4- 6 |  7- 9 || total
-------------------------+-------+-------+-------++-------
Melee: Hand axe          |    92 |   176 |     7 ||   275
Evoke: Wand              |       |     3 |       ||     3
  Use: Scroll            |       |     7 |       ||     7
       Potion            |       |     3 |       ||     3
 Stab: Sleeping          |     1 |     2 |       ||     3
       Distracted        |       |     1 |       ||     1
  Eat: Chunk             |     1 |     6 |       ||     7
